 Dungeon Crawl Stone Soup version 0.13.0-25-g43d4df3 (webtiles) character file.

160 stos the Ducker (level 4, 0/21 HPs)
             Began as a Spriggan Conjurer on Oct 29, 2013.
             Succumbed to an orc's poison
             ... on Level 3 of the Dungeon.
             The game lasted 00:25:54 (2790 turns).

stos the Ducker (Spriggan Conjurer)                 Turns: 2790, Time: 00:25:54

HP   0/21        AC  2     Str  4      XL: 4   Next: 29%
MP   1/12        EV 19     Int 17      God:
Gold 72          SH  0     Dex 16      Spells:  3 memorised,  2 levels left

Res.Fire  : . . .   See Invis. : +   d - +2 short sword (venom)
Res.Cold  : . . .   Warding    : .   a - +0 robe
Life Prot.: . . .   Conserve   : .   (shield restricted)
Res.Poison: .       Res.Corr.  : .   (helmet restricted)
Res.Elec. : .       Clarity    : .   (no cloak)
Sust.Abil.: . .     Spirit.Shd : .   (gloves unavailable)
Res.Mut.  : .       Stasis     : .   (boots unavailable)
Res.Rott. : .       Flight     : .   (no amulet)
Saprovore : . . .                    (no ring)
                                     f - ring of sustenance

@: confused, very poisoned, very slightly contaminated, very quick, slightly
resistant to hostile enchantments, unstealthy
A: unfitting armour, see invisible, herbivore 3, speed 3, slow metabolism 2
a: no special abilities


You were on level 3 of the Dungeon.
You were not hungry.

You visited 1 branch of the dungeon, and saw 3 of its levels.

You collected 52 gold pieces.

Inventory:

Hand weapons
 d - a +2,+2 short sword of venom (weapon)
 t - a +0,+0 sling
Missiles
 o - 10 darts of flame (quivered)
 u - 23 stones
Armour
 a - a +0 robe (worn)
 b - a +0 animal skin
 h - a +0 pair of boots
Comestibles
 i - a rambutan
 s - a lychee
Scrolls
 g - 5 scrolls of remove curse {unknown}
 j - a scroll of identify {unknown}
 k - a scroll of fear {unknown}
 l - a scroll of fog {unknown}
 q - 2 scrolls of magic mapping {unknown}
Jewellery
 f - a ring of sustenance (left hand)
Books
 c - a book of Conjurations

   Spells                             Type                      Level
   *Magic Dart                        Conjuration                  1
   *Searing Ray                       Conjuration                  2
   *Dazzling Spray                    Conjuration/Hexes            3
   Iskenderun's Mystic Blast          Conjuration                  4
   Iskenderun's Battlesphere          Conjuration/Charms           4
   Fulminant Prism                    Conjuration/Hexes            5


   Skills:
 + Level 0.1 Fighting
 + Level 1.6 Throwing
 + Level 3.7 Dodging
 + Level 3.2 Stealth
 + Level 2.5 Spellcasting
 + Level 3.5 Conjurations


You had 2 spell levels left.
You knew the following spells:

 Your Spells              Type           Power        Failure   Level  Hunger
a - Magic Dart            Conj           ##..         4%          1    #......
b - Searing Ray           Conj           ##....       10%         2    ##.....
c - Dazzling Spray        Conj/Hex       #.......     30%         3    ###....


Dungeon Overview and Level Annotations

Branches:
Dungeon (3/27)

Altars:
Trog


Innate Abilities, Weirdness & Mutations

You are tiny and cannot use many weapons and most armour.
You have supernaturally acute eyesight.
You are a herbivore.
You cover ground extremely quickly.
You need consume almost no food.


Message History

Aiming: Magic Dart
Press: ? - help, Shift-Dir - straight line, f/p - orc
Aim: an orc, wielding a blowgun (moderately wounded)
The magic dart hits the orc.
The orc is heavily wounded.
* * * LOW HITPOINT WARNING * * *
You feel sick.
The orc shoots a poisoned needle.
The poisoned needle misses you.
Casting: Magic Dart
Confirm with . or Enter, or press ? or * to list all spells.
Aiming: Magic Dart
Press: ? - help, Shift-Dir - straight line, f/p - orc
Aim: an orc, wielding a blowgun (heavily wounded)
The magic dart hits the orc.
You kill the orc!
* * * LOW HITPOINT WARNING * * *
You feel very sick.
You are confused.
It was a potion of confusion.
You die...

... #....
#..... #....
#... #########
#.. #.......#
#)#
#.###..@####%#
#.#.#(_(%..)(#
#.###...######
#.......#
#########


There were no monsters in sight!

Vanquished Creatures
  2 adders (D:2)
  2 worms (D:2)
  3 giant geckos
  An orc (D:3)
  A giant cockroach (D:1)
  7 hobgoblins
  2 jackals (D:3)
  A quokka (D:2)
  2 bats
  7 giant newts
  8 goblins
  11 kobolds
  6 rats
53 creatures vanquished.

Vanquished Creatures (others)
  A wizard (D:3)
1 creature vanquished.

Grand Total: 54 creatures vanquished

Notes
Turn   | Place    | Note
--------------------------------------------------------------
     0 | D:1      | stos, the Spriggan Conjurer, began the quest for the Orb.
     0 | D:1      | Reached XP level 1. HP: 9/9 MP: 4/4
   486 | D:1      | Reached XP level 2. HP: 10/13 MP: 1/6
  1484 | D:2      | Reached XP level 3. HP: 8/16 MP: 0/9
  1682 | D:2      | Reached skill level 1 in Throwing
  1874 | D:2      | Learned a level 2 spell: Searing Ray
  1878 | D:2      | Learned a level 3 spell: Dazzling Spray
  2235 | D:2      | Reached XP level 4. HP: 21/21 MP: 4/12
  2724 | D:3      | Found a bloodstained altar of Trog.
  2724 | D:3      | Noticed a wizard
  2746 | D:3      | Killed a wizard
  2790 | D:3      | Succumbed to an orc's poison

Action                   |  1- 3 |  4- 6 || total
-------------------------+-------+-------++-------
Melee: Short sword       |    31 |    19 ||    50
Throw: Dart              |    31 |     6 ||    37
 Cast: Magic Dart        |    81 |    11 ||    92
       Dazzling Spray    |     1 |     4 ||     5
       Searing Ray       |       |     1 ||     1
  Use: Potion            |     4 |     2 ||     6
